Cogmind - Beta 15 *** ADVENTURER MODE // 2025.10.08 @ 13:45:14 Player: nam192 Result: Destroyed by D-53 Grenadier with Mini Grenade Launcher Performance ------------- Evolutions (0) 0 Regions Visited (2) 400 Robots Destroyed (7) 35 Value Destroyed (148) 148 Prototype IDs (0) 0 Alien Tech Used (0) 0 Bonus (0) 0 TOTAL SCORE: 583 Bonus ------- None Cogmind --------- Core Integrity 0/250 Matter 129/300 Energy 53/100 System Corruption 0% Temperature Cool (0) Movement Treading (240) Ox1 Location -10/Mines Parts ------- > --- POWER (1) -------- (None) > --- PROPULSION (2) --- Light Treads > --- UTILITY (2) ------ Large Storage Unit Tractor Beam > --- WEAPON (2) ------- (None) > --- INVENTORY (15) --- Ion Engine Ion Engine Ion Engine Light Ion Engine Light Treads Small Storage Unit Peak State ------------ > --- POWER ------------ Ion Engine > --- PROPULSION ------- Aluminum Leg Aluminum Leg > --- UTILITY ---------- Large Storage Unit Terrain Scanner > --- WEAPON ----------- Small Laser Assault Rifle > --- INVENTORY -------- Ion Engine Ion Engine Ion Engine Light Treads Light Treads Light Treads Small Storage Unit Tractor Beam Light Assault Rifle Grenade Launcher [Rating: 8] Favorites ----------- Power Ion Engine Engine Ion Engine Propulsion Aluminum Leg Treads Light Treads Leg Aluminum Leg Utility Small Storage Unit Device Terrain Scanner Storage Small Storage Unit Weapon Small Laser Energy Gun Small Laser Ballistic Gun Assault Rifle Launcher Grenade Launcher Special Weapon Mining Laser Build | -11 -10 -10 ------- Run | Yrd Mat Min Slots Evolved . | . . . Power . | . . . Propulsion . | . . . Utility . | . . . Weapon . | . . . Parts Attached 14 | 6 2 6 Power 1 | 1 . . Engine 1 | 1 . . Core . | . . . Reactor . | . . . Propulsion 4 | 2 . 2 Treads 2 | . . 2 Leg 2 | 2 . . Wheel . | . . . Hover . | . . . Flight . | . . . Utility 4 | 1 2 1 Device 2 | . 1 1 Storage 2 | 1 1 . Processor . | . . . Hackware . | . . . Protection . | . . . Artifact . | . . . Weapon 5 | 2 . 3 Energy Gun 1 | 1 . . Energy Cannon . | . . . Ballistic Gun 2 | 1 . 1 Ballistic Cannon . | . . . Launcher 1 | . . 1 Special Weapon 1 | . . 1 Impact Weapon . | . . . Slashing Weapon . | . . . Piercing Weapon . | . . . Special Melee Weapon . | . . . Unidentified Prototypes . | . . . Parts Lost 10 | . . 10 Power 1 | . . 1 Propulsion 3 | . . 3 Utility 1 | . . 1 Weapon 5 | . . 5 Highest Loss Streak 10 | . . 10 To Critical Strikes . | . . . Average Backups 7 | 4 7 11 Power 2 | . 2 4 Propulsion 3 | 3 3 2 Utility . | . . 2 Weapon 1 | . 1 2 Tool/Special . | . . . Unused Backups 6 | . 2 4 Power 3 | . . 3 Propulsion 3 | . 2 1 Utility . | . . . Weapon . | . . . Tool/Special . | . . . Average Slot Usage (%) 85 | . 87 74 Engine 13 | . 14 8 Leg 26 | . 28 16 Device 2 | . 2 8 Storage 14 | . 14 14 Energy Gun 13 | . 14 11 Ballistic Gun 13 | . 14 8 Peak Build Rating 8 | 6 8 8 Average Rating 5 | 4 6 5 On Entrance 4 | . 6 8 Naked Turns . | . . . Heaviest Build 33 | 13 33 29 Greatest Support 20 | 20 20 20 Greatest Overweight (x) 4 | 4 1 1 Average Overweight (x) . | 1 . 1 Largest Inventory Capacity 15 | 8 15 15 Average Capacity 9 | 7 10 15 Most Carried 12 | 8 12 12 Average Carried 7 | 4 7 10 Final Capacity 15 | 8 15 15 Final Carried 12 | 6 12 6 Class Distribution -------------------- 100% | Mutant Dominant Class ---------------- Mutant | -10/Materials Mutant | -10/Mines Resources | -11 -10 -10 ----------- Run | Yrd Mat Min Matter Collected 170 | 73 33 64 Remotely . | . . . Salvage Created 126 | . 46 80 Parts 19 | . 7 12 Haulers Intercepted . | . . . Recyclers Shooed . | . . . Parts Field Recycled . | . . . Retrieved Matter . | . . . Parts Self-Destructed . | . . . Prevented . | . . . Kills | -11 -10 -10 ------- Run | Yrd Mat Min Combat Hostiles Destroyed 3 | . 1 2 Guns 2 | . 1 1 AOE 1 | . . 1 Classes Destroyed 5 | . 2 3 Worker 1 | . . 1 Builder 2 | . . 2 Watcher 1 | . 1 . Grunt 2 | . 1 1 Demolisher 1 | . . 1 Best Kill Streak 4 | . 1 4 Combat Bots Only 1 | . 1 1 Max Kills in Single Turn 3 | . 1 3 Gunslinging . | . . . Exploded 1 | . . 1 Melee . | . . . Uniques/NPCs Destroyed . | . . . Combat | -11 -10 -10 -------- Run | Yrd Mat Min Hostile Shots Fired 37 | . 2 35 Missed 1 | . . 1 Hits 36 | . 2 34 Melee 1 | . . 1 Projectile 35 | . 2 33 AOE 27 | . . 27 Damage Taken 1050 | . 17 1033 Core 268 | . 8 260 Absorbed by Shields . | . . . Ignored by Resistances 288 | . 5 283 Core Remaining (%) 100 | 100 . . Volleys Fired 18 | . 4 14 Largest 2 | . 2 2 Hottest 60 | . 60 60 Shots Fired 29 | . 8 21 Gun 27 | . 8 19 Cannon . | . . . Launcher 2 | . . 2 Special . | . . . Kinetic 13 | . 4 9 Thermal 14 | . 4 10 Explosive 2 | . . 2 Electromagnetic . | . . . Robot Hit Streak 13 | . 6 13 Robot Miss Streak 1 | . 1 1 Penetration Max . | . . . Secondary Targets . | . . . Shots Hit Robots 27 | . 7 20 Core Hits 23 | . 3 20 Critical Kills . | . . . Critical Parts Destroyed . | . . . Critical Strikes . | . . . Melee Attacks . | . . . Impact . | . . . Slashing . | . . . Piercing . | . . . Sneak Attacks . | . . . Combat Hostiles . | . . . Follow-up Attacks . | . . . Damage Inflicted 454 | . 85 369 Guns 285 | . 85 200 Cannons . | . . . Explosions 169 | . . 169 Melee . | . . . Ramming . | . . . Kinetic 154 | . 52 102 Thermal 131 | . 33 98 Explosive 169 | . . 169 Electromagnetic . | . . . Impact . | . . . Slashing . | . . . Piercing . | . . . Highest Corruption . | . . . Average Corruption . | . . . Corruption Purged . | . . . Corruption Blocked . | . . . Overload Shots . | . . . Overflow Damage . | . . . Projectiles . | . . . Explosions . | . . . Melee . | . . . Knockbacks . | . . . Impact . | . . . Kinetic . | . . . Secondary . | . . . Self-Inflicted Damage 16 | . . 16 Shots 2 | . . 2 Rammed . | . . . Targets Rammed 1 | 1 . . Kicked 1 | 1 . . Crushed . | . . . Highest Temperature 45 | . 12 45 Average Temperature 19 | . 10 22 Received Heat Transfer 57 | . 12 45 Siege Activations . | . . . Martial Activations . | . . . Shielding Activations . | . . . Robots Disrupted . | . . . Combat Hostiles . | . . . Robots Corrupted . | . . . Combat Hostiles . | . . . Parts Fried . | . . . Impact Corruptions . | . . . Robots Melted . | . . . Combat Hostiles . | . . . Parts Melted . | . . . Heat Transferred 300 | . 75 225 Parts Sabotaged . | . . . Parts Stolen . | . . . Parts Stripped . | . . . Power Chain Reactions . | . . . Alert | -11 -10 -10 ------- Run | Yrd Mat Min Maximum Alert Level . | . . . Low Security (%) 100 | 100 100 100 Level 1 . | . . . Level 2 . | . . . Level 3 . | . . . Level 4 . | . . . Level 5 . | . . . High Security . | . . . Max Security . | . . . Peak Influence 42 | . 20 42 Initial . | . . . Average 2 | . 2 14 Influence Increases 108 | . 36 72 Destroy 0b10 Robot/C 60 | . 20 40 Destroy 0b10 Robot/NC 20 | . 5 15 Destroy Leader 12 | . 2 10 Successful Hack 9 | . 9 . Destroy Structure 7 | . . 7 Influence Decreases 96 | . 36 60 Time Decay 56 | . 36 20 Lost Part 40 | . . 40 Squads Dispatched . | . . . Investigation . | . . . Extermination . | . . . Reinforcement . | . . . Assault . | . . . Garrison . | . . . Intercept . | . . . Searches Triggered . | . . . Construction Impeded . | . . . Haulers Reinforced . | . . . Active Scanning Responses . | . . . Cargo Convoy Interrupts . | . . . Stealth | -11 -10 -10 --------- Run | Yrd Mat Min Distress Signals . | . . . Communications Jammed . | . . . Distress Signals . | . . . Times Spotted 8 | . 3 5 Peak Tracking Total 4 | . 1 4 Tactical Retreats . | . . . Traps | -11 -10 -10 ------- Run | Yrd Mat Min Traps Triggered . | . . . Indirectly . | . . . Trap Hack Attempts . | . . . Triggered . | . . . Disarmed . | . . . Reprogrammed . | . . . Reused . | . . . Traps Extracted . | . . . Installed . | . . . Triggered . | . . . Machines | -11 -10 -10 ---------- Run | Yrd Mat Min Machines Disabled . | . . . Max in Single Turn . | . . . Machines Repaired . | . . . Machines Dismantled . | . . . Machines Sabotaged . | . . . Overloaded Fab Kills . | . . . Hacking | -11 -10 -10 --------- Run | Yrd Mat Min Machines Accessed 2 | . 2 . Terminals 2 | . 2 . Fabricators . | . . . Repair Stations . | . . . Recycling Units . | . . . Scanalyzers . | . . . Garrison Access . | . . . Total Hacks 11 | . 11 . Successful 8 | . 8 . Failed 3 | . 3 . Catastrophic . | . . . Database Lockouts . | . . . Manual . | . . . Terminals 11 | . 11 . Fabricators . | . . . Repair Stations . | . . . Recycling Units . | . . . Scanalyzers . | . . . Garrison Access . | . . . Terminal Hacks 8 | . 8 . Record 3 | . 3 . Alert Level 2 | . 2 . Dispatch Records 1 | . 1 . Patrol Status 1 | . 1 . Zone Layout 1 | . 1 . Fabricator Hacks . | . . . Repair Station Hacks . | . . . Recycling Unit Hacks . | . . . Scanalyzer . | . . . Garrison Access Hacks . | . . . Unauthorized Hacks . | . . . Terminals . | . . . Fabricators . | . . . Repair Stations . | . . . Recycling Units . | . . . Scanalyzers . | . . . Garrison Access . | . . . Data Cores Recovered . | . . . Used . | . . . Hacking Detections 1 | . 1 . Full Trace Events . | . . . Feedback Events . | . . . Feedback Blocked . | . . . Robot Schematics Acquired . | . . . Robots Built . | . . . Authchips . | . . . Time . | . . . Total Robot Build Rating . | . . . Part Schematics Acquired . | . . . Parts Built . | . . . Authchips . | . . . Time . | . . . Total Part Build Rating . | . . . Parts Repaired . | . . . Time . | . . . Parts Recycled . | . . . Recycled Matter . | . . . Retrieved Matter . | . . . Retrieved Components . | . . . Parts Scanalyzed . | . . . Part Schematics Acquired . | . . . Parts Damaged . | . . . Bothacking | -11 -10 -10 ------------ Run | Yrd Mat Min Used RIF Installer . | . . . Robots Hacked . | . . . Non-combat . | . . . Combat . | . . . Robot Hacks Applied . | . . . Relay Couplers Released . | . . . Fabnet Peak Effective % . | . . . Robots Rewired . | . . . Allies Hacked . | . . . Hacks Repelled . | . . . Allies | -11 -10 -10 -------- Run | Yrd Mat Min Total Allies . | . . . Largest Group . | . . . Highest-Rated Group . | . . . Highest-Rated Ally . | . . . Total Orders . | . . . Ally Attacks . | . . . Total Damage . | . . . Kills . | . . . Allies Corrupted . | . . . Allies Melted . | . . . Intel | -11 -10 -10 ------- Run | Yrd Mat Min Active Infowar (turns) 76 | . 47 29 Terrain 76 | . 47 29 Robot Analysis Total . | . . . Derelict Logs Recovered . | . . . Drone Launches . | . . . Drone Recoveries . | . . . Exploration | -11 -10 -10 ------------- Run | Yrd Mat Min Turns Passed 445 | 121 277 47 Spaces Moved 263 | 69 191 3 Core 38 | 38 . . Treads 1 | . . 1 Legs 224 | 31 191 2 Wheels . | . . . Hover . | . . . Flight . | . . . Fastest Speed 50 | 50 120 190 Average Speed 139 | 151 133 206 Slowest Speed 250 | 250 190 240 Overloaded Moves . | . . . Propulsion Burnouts . | . . . Robots Hopped . | . . . Potential Cave-ins . | . . . Cave-ins Triggered . | . . . Exploration Rate (%) 12 | 5 29 4 Regions Visited 2 Branch Regions 1 Pre-discovered Areas . | . . . Known Exits Taken . | . . . Unknown Exits Taken 2 | 1 1 . Scrap Searched . | . . . Spaces Dug . | . . . Terrain Destroyed 10 | . . 10 Melee . | . . . Projectile . | . . . AOE 10 | . . 10 Terrain Rammed . | . . . Walls Destroyed . | . . . Machines Disabled . | . . . Actions | -11 -10 -10 --------- Run | Yrd Mat Min Total 312 | 83 206 23 Wait . | . . . Move 261 | 68 190 3 Hop . | . . . Pick Up 15 | 8 7 . Fast Attach 6 | 4 2 . Attach 8 | 2 . 6 Detach 1 | . 1 . Swap . | . . . Drop 2 | . 2 . Fire 18 | . 4 14 Melee . | . . . Ram . | . . . Kick 1 | 1 . . Crush . | . . . Escape Stasis . | . . . Rewire . | . . . Trap . | . . . Miscellaneous . | . . . Route ------- -11/Scrapyard -10/Materials -10/Mines History --------- Turn | Location | Event 15 | -11/Scrapyard | Discovered new exit (range 16) 122 | -11/Scrapyard | Entered Materials 224 | -10/Materials | Discovered new exit (range 16) 305 | -10/Materials | Build established: Mutant 399 | -10/Materials | Entered Mines 400 | -10/Mines | Assembled infested the area 405 | -10/Mines | Assisted by a Guerilla fighting off Assembled 430 | -10/Mines | Core integrity fell below 50% 439 | -10/Mines | Core integrity fell below 20% 446 | -10/Mines | Destroyed by D-53 Grenadier with Mini Grenade Launcher Last Messages --------------- Sml. Laser destroyed. The unstable cave ceiling collapses. U-05 Engineer builds a Wall. U-05 Engineer lays Concrete. The unstable cave ceiling collapses. U-05 Engineer builds a Wall. Lgt. Treads destroyed. K-01 Serf collects debris. U-05 Engineer destroyed. K-01 Serf destroyed. D-53 Grenadier destroyed. Grenade Launcher destroyed. Destroyed Grenade Launcher. The unstable cave ceiling collapses. Mining Laser destroyed. as-13473 destroyed. The unstable cave ceiling collapses. K-01 Serf destroyed. Lgt. Assault Rifle destroyed. The unstable cave ceiling collapses. Map ----- +----------------------------------------------------+ | ?????????????????????????????? | | ?????????????????????????????? | | ?????????????????????????????? | | ?????????????????????????????? | | ?????????????????????????????? | | ?????????????????????????????? | | ?????????????????????????????? | | ?????????????????????????????? | | ?????????????????????????????? | | ?????????????????????????????? | | ????????????????????????? ??? | | ????????????????????????? ?? | | ?????????????????????????% #?? | | ????????????????????#???? #?# | | ????????????????????????? #?? | | ?????????????????????????r #?? | | ?????????????????????????t #?? | | ????????????????? ????### ### | | ????????????????????#?# $ | | ???????????????#????# !%! | | ????????????????????# # * !# # | | ????????????????????# # # # | | ???????????????????## d # | | ?????????????#?????# | | ????????????????#### ! | | ????????????????# a @ | | ????????????????# ## | | ??????????????????## | | ???????????????????## # | | ??????????????#?????## ## | | ?????????????????????########? | | ?????????????????????????????? | | ?????????????????????????????? | | ?????????????????????????????? | | ?????????????????????????????? | | ?????????????????????????????? | | ?????????????????????????????? | | ?????????????????????????????? | | ?????????????????????????????? | | ?????????????????????????????? | | ?????????????????????????????? | | ?????????????????????????????? | | ?????????????????????????????? | | ?????????????????????????????? | | ?????????????????????????????? | | ?????????????????????????????? | | ?????????????????????????????? | | ?????????????????????????????? | | ?????????????????????????????? | | ?????????????????????????????? | +----------------------------------------------------+ Best States ------------- Heat Dissipation 25 Energy Generation 10 Energy Capacity 250 Matter Stores 176 Matter Capacity 300 Sight Range 16 Terrain Scan Range 14 Terrain Scan Density 10 Resistance: KI 20 Resistance: TH 20 Resistance: EX 20 Resistance: EM 20 Resistance: I 20 Resistance: S 20 Resistance: P 20 Evasion (%) 55 Recoil Reduction 1 Offensive Hacking 10 Item Schematics ----------------- None Robot Schematics ------------------ None Fabricated ------------ Nothing Repaired ---------- Nothing Alien Tech Used ----------------- None Achievements -------------- None Challenges ------------ None Game ------ Seed FortressConceptAccelerator Manual? 0 Play Time 00:05:26 Cumulative 5.0 hours Start 2025.10.05 @ 19:16:21 End 2025.10.08 @ 13:45:14 Sessions 3 Manual Loads 0 Difficulty Adventurer Special Mode None Game No. 11 Rogue 4 Adventurer 7 Explorer 0 Win Type - Total 0 Types 0/0/0/0/0/0/0/0/0/0 Lore% 1 Gallery% 11 Achievement% 10 Wizard Run 0 Options --------- Layout 0 ASCII 0 Keyboard 1 Movement Arrows Keybinds 0 Fullscreen 1 Font 24/Smallcaps Map View 76x50 Zoom Use 0% Tactical HUD 0 Map Filters NONE Filters NONE Steam 1 RUN: 94db3d24-7320-4200-9677-4767af21a3af